 Dungeon Crawl Stone Soup version 0.30-a0-389-g8d7d949f56 (webtiles) character file.

Game seed: 13546201327291673382

350 funkygono the Firebug (level 6, -3/41 HPs)
             Began as a Demonspawn Fire Elementalist on Dec 3, 2022.
             Slain by a killer bee (7 damage)
             ... on level 5 of the Dungeon.
             The game lasted 00:06:03 (3061 turns).

funkygono the Firebug (DsFE)                        Turns: 3061, Time: 00:06:03

Health: -3/41      AC:  5    Str:  8    XL:     6   Next: 34%
Magic:  3/12       EV: 12    Int: 19    God:
Gold:   206        SH:  0    Dex: 13    Spells: 7/13 levels left

rFire   . . .      SeeInvis .    j - +2 whip
rCold   + + .      Faith    .    (no shield)
rNeg    + . .      Spirit   .    a - +0 robe
rPois   .          Reflect  .    q - +0 helmet
rElec   .          Harm     .    (no cloak)
rCorr   .          Rampage  .    o - +0 pair of gloves
Will    .....                    n - +0 pair of boots
Stlth   ++........               (no amulet)
HPRegen 0.26/turn                l - ring "Gaetek Komu" {rC++ rN+}
MPRegen 0.13/turn                (no ring)

@: lethally poisoned (-3 -> -12)
A: ignite blood 1, spiny 1
a: no special abilities


You were on level 5 of the Dungeon.
You visited 1 branch of the dungeon, and saw 5 of its levels.

You collected 206 gold pieces.

Inventory:

Hand Weapons
 j - a +2 whip (weapon)
Armour
 a - a +0 robe (worn)
 m - a +2 scale mail of poison resistance
 n - a +0 pair of boots (worn)
 o - a +0 pair of gloves (worn)
 q - a +0 helmet (worn)
Jewellery
 l - the ring "Gaetek Komu" (left hand) {rC++ rN+}
   (You found it on level 2 of the Dungeon)

   [ring of positive energy]

   rC:        It greatly protects you from cold.
   rN:        It protects you from negative energy.
Scrolls
 c - a scroll of amnesia
Potions
 b - a potion of magic
 d - a potion of heal wounds {unknown}
 e - a potion of resistance
 f - a potion of lignification {unknown}
 g - a potion of ambrosia
 h - 3 potions of curing {unknown}
 i - 2 potions of might
 k - 3 potions of mutation {unknown}
 p - 2 potions of brilliance {unknown}


   Skills:
 + Level 0.3 Fighting
 + Level 2.1 Dodging
 - Level 1.7 Stealth
 + Level 4.1 Spellcasting
 + Level 3.4 Conjurations
 + Level 4.2 Fire Magic


You had 7 spell levels left.
You knew the following spells:

 Your Spells              Type           Power      Damage    Failure   Level
a - Foxfire               Conj/Fire      72%        2x1d7     2%          1
b - Scorch                Fire           38%        2d7       3%          2
c - Kindle Blastsparks    Fire/Tloc/Air  18%        2d11      22%         3

Your spell library contained the following spells:

 Spells                   Type           Power      Damage    Failure   Level
 Inner Flame              Hex/Fire       11%        N/A       17%         3
 Flame Wave               Conj/Fire      18%        2d7       28%         4
 Summon Guardian Golem    Hex/Summ       3%         N/A       38%         3
 Orb of Destruction       Conj           8%         9d6       100%        7
 Spellforged Servitor     Conj/Summ      5%         N/A       100%        7


Dungeon Overview and Level Annotations

Branches:
Dungeon (6/15)
 Temple: D:4-7

Altars:
Dithmenos

Shops:
D:3 *


Innate Abilities, Weirdness & Mutations

Your demonic aura sometimes causes spilled blood to erupt in flames.
You are partially covered in sharp spines.


Message History

The killer bee stings you but does no damage.
The killer bee closely misses you. The killer bee stings you.
Casting: Foxfire (safe; 3% risk of failure)
Confirm with . or Enter, or press ? or * to list all spells.
Flames lash the killer bee.
You kill the killer bee!
You feel sick.
The foxfire hits the killer bee but does no damage.
The killer bee is almost dead.
The foxfire hits the killer bee.
You kill the killer bee!
The killer bee is struck by your spines.
The killer bee stings you but does no damage.
The killer bee is struck by your spines.
The killer bee stings you.
The killer bee is struck by your spines.
The killer bee stings you.
Your Spellcasting skill increases to level 4!
You have reached level 6!
Casting: Scorch (safe; 3% risk of failure)
Confirm with . or Enter, or press ? or * to list all spells.
You conjure some foxfire!
You feel sick.
The killer bee is struck by your spines.
The killer bee stings you.
You are more poisoned.
The killer bee poisons you! The killer bee stings you.
* * * LOW HITPOINT WARNING * * *
The killer bee is struck by your spines.
The killer bee barely misses you.
The killer bee is struck by your spines.
The killer bee barely misses you.
Your foxfire dissipates!
* * * LOW HITPOINT WARNING * * *
You feel very sick.
The foxfire hits the killer bee but does no damage.
The killer bee is severely wounded.
The killer bee stings you.
* * * LOW HITPOINT WARNING * * *
The killer bee stings you!
You die...

### #.### ##...#
#....# ...
#....### ....
##.....#.....
###.y.......
##.@y##.....
##...##......
#.###...... .
#...#.w....
##.........
#####........
##......##....
###........##...
#.....####.....


You could see a worm (wandering) and 2 killer bees.

Vanquished Creatures
  2 killer bees (D:5)
  A howler monkey (D:5)
  A hound (D:5)
  An iguana (D:5)
  Jessica (D:3)
  Terence (D:2)
  5 adders
  2 worms (D:2)
  A dart slug (D:2)
  An orc (D:3)
  A bat (D:3)
  4 endoplasms
  2 giant cockroaches
  5 goblins
  5 hobgoblins
  A jackal (D:2)
  2 quokkas
  10 ball pythons
  A frilled lizard (D:1)
  8 kobolds
  6 rats
61 creatures vanquished.

Vanquished Creatures (others)
  200 foxfires
200 creatures vanquished.

Grand Total: 261 creatures vanquished

Notes
Turn   | Place    | Note
-------+----------+-------------------------------------------
     0 | D:1      | funkygono the Demonspawn Fire Elementalist began the quest
                  | for the Orb.
     0 | D:1      | Reached XP level 1. HP: 13/13 MP: 3/3
   281 | D:1      | Gained mutation: Your demonic aura sometimes causes spilled
                  | blood to erupt in flames. [demonic ancestry]
   281 | D:1      | Reached XP level 2. HP: 19/19 MP: 0/5
   284 | D:1      | Learned a level 2 spell: Scorch
   906 | D:1      | Found a faded altar of an unknown god.
   930 | D:1      | Reached XP level 3. HP: 24/24 MP: 2/6
   934 | D:1      | Learned a level 3 spell: Kindle Blastsparks
  1585 | D:2      | Reached XP level 4. HP: 30/30 MP: 3/8
  1907 | D:2      | Found a shadowy altar of Dithmenos.
  2063 | D:2      | Identified the ring "Gaetek Komu" {rC++ rN+}
  2125 | D:2      | Noticed Terence
  2146 | D:2      | Killed Terence
  2502 | D:3      | Noticed Jessica
  2506 | D:3      | Killed Jessica
  2507 | D:3      | Gained mutation: You are partially covered in sharp spines.
                  | [demonic ancestry]
  2507 | D:3      | Reached XP level 5. HP: 35/35 MP: 5/10
  2756 | D:3      | Found Boiburarph's Assorted Antiques.
  2885 | D:3      | You fall into a shaft and drop 3 floors!
  2891 | D:5      | Entered Level 5 of the Dungeon
  2903 | D:5      | Noticed an ice beast
  3060 | D:5      | Reached XP level 6. HP: 16/41 MP: 3/12
  3061 | D:5      | Slain by a killer bee

Illustrated notes

Levels and vault maps discovered:
D:1:      dpeg_arrival_rhombi, layout_basic, nicolae_ecumenical_snake_handling
D:2:      layout_loops_ring, basic_altar, minmay_diced_spiral, uniq_terence
D:3:      layout_basic, serial_shops, nicolae_diamond_shop, shop,
          ebering_ghost_rock_garden, uniq_jessica
D:5:      layout_cave_pools, kennysheep_generic_room_7
D:6:      layout_cave_pools, mainiacjoe_overflow_tiny_flanked,
          minmay_temple_entry_glass

Skill      XL: |  1  2  3  4  5 |
---------------+----------------+-----
Fire Magic     | 3 4 |  4.2
Dodging        | 2 |  2.1
Spellcasting   | 3 4 |  4.1
Conjurations   | 3 |  3.4
Fighting       | |  0.3
Stealth        | |  1.7

Action                   |  1- 3 |  4- 6 || total
-------------------------+-------+-------++-------
Melee: Whip              |     8 |     6 ||    14
 Cast: Foxfire           |    64 |    49 ||   113
       Scorch            |     3 |     8 ||    11
  Use: Scroll            |     8 |     2 ||    10
       Potion            |     1 |       ||     1
Armor: Robe              |     2 |     5 ||     7
Dodge: Dodged            |    25 |    18 ||    43

Table legend: (Time is in decaauts)
 A = Elapsed time spent in this place.
 B = Non-inter-level travel time spent in this place.
 C = Inter-level travel time spent in this place.
 D = Time resting spent in this place.
 E = Time spent auto-exploring this place.
 F = Levels seen in this place.
 G = Mean time per level.
                   A        B        C        D        E       F      G
               +--------+--------+--------+--------+--------+-----+--------+
         Total |   3061 |   3009 |     52 |    201 |   2285 |   5 |  612.2 |
       Dungeon |   3061 |   3009 |     52 |    201 |   2285 |   5 |  612.2 |
               +--------+--------+--------+--------+--------+-----+--------+

Top non-repeatable levels by time:
     D:1: 1314 daAuts
     D:2: 1169 daAuts
     D:3: 400 daAuts
     D:5: 139 daAuts
     D:6: 37 daAuts
